 Dungeon Crawl Stone Soup version 0.23-a0-489-g205b0b6 (webtiles) character file.

808 Mgcat the Magician (level 7, 0/38 HPs)
             Began as a Deep Elf Earth Elementalist on Dec 2, 2018.
             Was a Follower of Sif Muna.
             Slain by an orc warrior
             ... wielding a +0 glaive
              (19 damage)
             ... on level 6 of the Dungeon.
             The game lasted 00:16:37 (5962 turns).

Mgcat the Magician (Deep Elf Earth Elementalist)    Turns: 5962, Time: 00:16:38

Health: 0/38       AC:  3    Str:  5    XL:     7   Next: 60%
Magic:  18/18      EV: 13    Int: 22    God:    Sif Muna [*.....]
Gold:   290        SH:  0    Dex: 15    Spells: 6/19 levels left

rFire    . . .     SeeInvis .   n - +0 dagger
rCold    . . .     Gourm    .   (no shield)
rNeg     . . .     Faith    .   c - +1 robe
rPois    .         Spirit   .   (no helmet)
rElec    .         Reflect  .   (no cloak)
rCorr    .         Harm     +   (no gloves)
MR       .....                  (no boots)
Stlth    ++........             o - amulet of harm
HPRegen  0.12/turn              (no ring)
MPRegen  0.16/turn              (no ring)

@: divine energy
A: no striking features
a: Stop Divine Energy, Renounce Religion


You were on level 6 of the Dungeon.
You worshipped Sif Muna.
Sif Muna was aware of your devotion.
You were not hungry.

You visited 1 branch of the dungeon, and saw 6 of its levels.

You collected 290 gold pieces.

Inventory:

Hand Weapons
 n - a +0 dagger (weapon)
   (You took it off a kobold on level 1 of the Dungeon)
Missiles
 b - 128 stones (quivered)
 m - a throwing net {=f, !d}
Armour
 c - a +1 robe (worn)
Magical Staves
 f - an uncursed staff of fire {rF+}
   (You found it on level 5 of the Dungeon)
Jewellery
 o - an amulet of harm (around neck)
   (You found it on level 2 of the Dungeon)
Wands
 h - a wand of random effects (10)
   (You found it on level 6 of the Dungeon)
Scrolls
 a - a scroll of blinking {!r}
 i - 6 scrolls of remove curse
 j - 3 scrolls of teleportation
 l - 3 scrolls of identify
Potions
 e - a potion of heal wounds
 g - 3 potions of curing
 k - 3 potions of ambrosia
 p - 3 potions of agility
 q - a potion of lignification {!q}
 s - a potion of mutation {!q}
Comestibles
 d - 8 rations


   Skills:
 + Level 1.0 Fighting
 + Level 3.1 Dodging
 - Level 2.4 Stealth
 + Level 6.5 Spellcasting
 + Level 3.9 Conjurations
 + Level 3.9 Transmutations
 + Level 5.9 Earth Magic


You had 6 spell levels left.
You knew the following spells:

 Your Spells              Type           Power        Failure   Level  Hunger
a - Sandblast             Erth           ####..       1%          1    None
b - Stone Arrow           Conj/Erth      ####..       3%          3    #......
c - Petrify               Tmut/Erth      ####....     12%         4    ###....
d - Lee's Rapid Deconstr  Erth           ####......   22%         5    #####..

Your spell library contained the following spells:

 Spells                   Type           Power        Failure   Level  Hunger
 Passwall                 Tmut/Erth      ####....     1%          2    None


Dungeon Overview and Level Annotations

Branches:
Dungeon (6/15)
 Temple: D:4-7

Altars:
Elyvilon
Ru
Sif Muna
Xom
Zin

Shops:
D:5 *


Message History

You see here a tomahawk.
The orc warrior throws a tomahawk.
The tomahawk barely misses you.
You see here a tomahawk.
The orc warrior throws a tomahawk.
The tomahawk misses you.
You see here a tomahawk.
The orc warrior throws a tomahawk.
The tomahawk hits you!
You see here a tomahawk.
There is an escape hatch in the ceiling here.
A mysterious force pulls you upwards. The hatch slams shut behind you.
You start resting.
You are near starving!
You start resting.
Magic restored.
HP restored.
You start resting.
HP restored.
There is a stone staircase leading down here.
You climb downwards.
There is a stone staircase leading up here.
A centaur comes into view.
The centaur shouts!
You hear a shout!
The centaur wields a +0 shortbow.
The centaur shoots an arrow.
The arrow hits you!
You see here an arrow.
Casting: Stone Arrow (safe; 3% risk of failure)
Confirm with . or Enter, or press ? or * to list all spells.
Aiming: Petrify (safe; 12% risk of failure)
Press: ? - help, Shift-Dir - straight line You can't see that place.
Okay, then.
Unknown command.
The centaur shoots an arrow.
The arrow hits you.
The centaur shoots an arrow.
The arrow hits you but does no damage.
You see here an arrow.
Casting: Petrify (safe; 12% risk of failure)
Confirm with . or Enter, or press ? or * to list all spells.
Aiming: Petrify (safe; 12% risk of failure)
Press: ? - help, Shift-Dir - straight line, f - centaur
Aim: a centaur, wielding a +0 shortbow (chance to defeat MR: 57%)
Okay, then.
Casting: Petrify (safe; 12% risk of failure)
Confirm with . or Enter, or press ? or * to list all spells.
You can't see any susceptible monsters within range! (Use Z to cast anyway.)
Casting: Petrify (safe; 12% risk of failure)
Confirm with . or Enter, or press ? or * to list all spells.
Aiming: Petrify (safe; 12% risk of failure)
Press: ? - help, Shift-Dir - straight line, f - centaur
Aim: a centaur, wielding a +0 shortbow (chance to defeat MR: 57%)
The centaur resists with significant effort.
You are starving!
You eat one of the 9 rations.
That ration really hit the spot!
Casting: Petrify (safe; 12% risk of failure)
Confirm with . or Enter, or press ? or * to list all spells.
Aiming: Petrify (safe; 12% risk of failure)
Press: ? - help, Shift-Dir - straight line, f/p - centaur
Aim: a centaur, wielding a +0 shortbow (chance to defeat MR: 57%)
The centaur resists with significant effort.
The centaur shoots an arrow.
The arrow barely misses you.
Casting: Petrify (safe; 12% risk of failure)
Confirm with . or Enter, or press ? or * to list all spells.
Aiming: Petrify (safe; 12% risk of failure)
Press: ? - help, Shift-Dir - straight line, f/p - centaur
Aim: a centaur, wielding a +0 shortbow (chance to defeat MR: 57%)
The centaur is moving more slowly.
Casting: Petrify (safe; 12% risk of failure)
Confirm with . or Enter, or press ? or * to list all spells.
Aiming: Stone Arrow (safe; 3% risk of failure)
Press: ? - help, Shift-Dir - straight line, f/p - centaur
Aim: a centaur, wielding a +0 shortbow (slowly petrifying)
The stone arrow hits the centaur.
The centaur is heavily wounded.
Unknown command.
Casting: Stone Arrow (safe; 3% risk of failure)
Confirm with . or Enter, or press ? or * to list all spells.
Aiming: Stone Arrow (safe; 3% risk of failure)
Press: ? - help, Shift-Dir - straight line, f/p - centaur
Aim: a centaur, wielding a +0 shortbow (heavily wounded, slowly petrifying)
The stone arrow hits the centaur.
You kill the centaur!
Sif Muna accepts your kill.
Your Fighting skill increases to level 1!
Your Dodging skill increases to level 3!
There is a stone staircase leading up here.
You climb upwards.
There is a stone staircase leading down here.
You start resting.
HP restored.
Magic restored.
You start resting.
Magic restored.
You climb downwards.
The orc warrior hits you with a +0 glaive!
Ouch! That really hurt!
There is a stone staircase leading up, spattered with blood here.
The orc warrior misses you. The orc warrior closely misses you.
There is a stone staircase leading up here.
The orc warrior hits you from afar with a +0 glaive!
Ouch! That really hurt!
You die...

#....(..##..#.#
#####.#.....##..#.##
....................
###......##.##..####
........###.....#### #
......#####.....)... ..
.........<......### ...
................#####....
........#####...@......$.
...........##............
....... #....o<.((......
..........#....(........
...................b....
##>.#..........#........
.....#.###........
........ .........
......# #........


You could see an orc warrior.

Vanquished Creatures
  A phantom (D:4)
  An ogre (D:4)
  2 centaurs (D:6)
  An orc priest (D:4)
  4 orc wizards
  Natasha (thrice) (D:2)
  2 worker ants (D:5)
  A worker ant zombie (D:6)
  4 gnolls (D:4)
  8 adders
  An ooze (D:4)
  An adder skeleton (D:5)
  6 leopard geckos
  9 orcs
  3 ball pythons
  4 giant cockroaches
  6 goblins
  4 hobgoblins
  6 jackals
  2 quokkas
  9 bats
  2 frilled lizards
  4 kobolds
  A quokka skeleton (D:5)
  7 rats
92 creatures vanquished.

Vanquished Creatures (others)
  5 toadstools (D:6)
5 creatures vanquished.

Grand Total: 97 creatures vanquished

Notes
Turn   | Place    | Note
-------+----------+-------------------------------------------
     0 | D:1      | Mgcat the Deep Elf Earth Elementalist began the quest for
                  | the Orb.
     0 | D:1      | Reached XP level 1. HP: 10/10 MP: 6/6
   155 | D:1      | Reached XP level 2. HP: 15/15 MP: 3/8
   639 | D:1      | HP: 3/15 [leopard gecko (4)]
   876 | D:1      | Reached skill level 4 in Spellcasting
   876 | D:1      | Reached skill level 4 in Earth Magic
   887 | D:1      | Reached XP level 3. HP: 10/19 MP: 5/10
  1282 | D:2      | Learned a level 3 spell: Stone Arrow
  1721 | D:2      | Noticed Natasha
  1728 | D:2      | Killed Natasha
  1728 | D:2      | Reached skill level 1 in Conjurations
  1728 | D:2      | Reached XP level 4. HP: 17/24 MP: 6/12
  1734 | D:2      | Learned a level 4 spell: Petrify
  1768 | D:2      | Noticed Natasha
  1771 | D:2      | Killed Natasha
  2026 | D:2      | Found a glowing silver altar of Zin.
  2097 | D:2      | Noticed Natasha
  2100 | D:2      | Killed Natasha
  2174 | D:3      | Reached XP level 5. HP: 28/28 MP: 10/14
  2181 | D:3      | Learned a level 5 spell: Lee's Rapid Deconstruction
  2337 | D:3      | Reached skill level 2 in Conjurations
  2422 | D:3      | Reached skill level 5 in Spellcasting
  2693 | D:3      | Found a white marble altar of Elyvilon.
  2756 | D:3      | Reached skill level 2 in Transmutations
  3110 | D:3      | Found a deep blue altar of Sif Muna.
  3182 | D:3      | Became a worshipper of Sif Muna the Loreminder
  3286 | D:4      | Reached skill level 5 in Earth Magic
  3374 | D:4      | Noticed a phantom
  3436 | D:4      | Reached XP level 6. HP: 32/32 MP: 9/16
  3518 | D:4      | Reached skill level 3 in Conjurations
  4038 | D:4      | Reached skill level 3 in Transmutations
  4283 | D:4      | Reached skill level 6 in Spellcasting
  4283 | D:4      | Reached XP level 7. HP: 35/36 MP: 7/18
  4469 | D:5      | Entered Level 5 of the Dungeon
  4579 | D:5      | Found Daufun's General Store.
  4659 | D:5      | Reached * piety under Sif Muna
  4718 | D:5      | Found a sacrificial altar of Ru.
  5451 | D:6      | Found a shimmering altar of Xom.
  5851 | D:6      | Reached skill level 1 in Fighting
  5851 | D:6      | Reached skill level 3 in Dodging
  5962 | D:6      | Slain by an orc warrior

Vault maps used:
D:1:      doesnt_arrival_eight_statues
D:2:      lemuel_round_altar, uniq_natasha
D:3:      tgw_sif, lemuel_doored_altar, first_ration
D:5:      lemuel_round_altar, minmay_shop_grid_forest
D:6:      cheibrodos_fertilizer, xom_butterflies, lemuel_crystal_altar

Skill      XL: |  1  2  3  4  5  6  7 |
---------------+----------------------+-----
Spellcasting   | 4 5 6 |  6.5
Earth Magic    | 4 5 |  5.9
Conjurations   | 1 2 3 |  3.9
Transmutations | 2 3 |  3.9
Fighting       | 1 |  1.0
Dodging        | 3 |  3.1
Stealth        | |  2.4

Action                   |  1- 3 |  4- 6 |  7- 9 || total
-------------------------+-------+-------+-------++-------
Melee: Club              |    63 |       |       ||    63
       Dagger            |    37 |     4 |     5 ||    46
 Cast: Sandblast         |    27 |    33 |     2 ||    62
       Stone Arrow       |     9 |    36 |    27 ||    72
       Petrify           |       |     9 |     5 ||    14
Invok: Divine Energy     |       |       |     1 ||     1
  Use: Scroll            |       |       |    11 ||    11
 Stab: Sleeping          |     3 |       |       ||     3
       Petrified         |       |       |     3 ||     3
  Eat: Chunk             |     3 |     6 |     5 ||    14
       Ration            |       |     1 |     1 ||     2
Armor: Robe              |    24 |     2 |     1 ||    27
Dodge: Dodged            |    91 |    16 |    14 ||   121

Table legend:
 A = Non-vault XP
 B = Vault XP
 C = Vault XP percentage of total XP
 D = Non-vault monster count
 E = Vault monster count
 F = Vault count percentage of total count
                 A         B        C        D         E       F
            +---------+---------+-------+---------+---------+-------
      Total |    1077 |      78 |   6.8 |      90 |       2 |   2.2
            +---------+---------+-------+---------+---------+-------
        D:1 |      42 |       0 |   0.0 |      25 |       0 |   0.0
        D:2 |     107 |      36 |  25.2 |      16 |       1 |   5.9
        D:3 |      67 |      42 |  38.5 |      16 |       1 |   5.9
        D:4 |     469 |       0 |   0.0 |      17 |       0 |   0.0
        D:5 |     106 |       0 |   0.0 |      10 |       0 |   0.0
        D:6 |     286 |       0 |   0.0 |       6 |       0 |   0.0
            +---------+---------+-------+---------+---------+-------

Vault maps used:
D:1:      doesnt_arrival_eight_statues
D:2:      lemuel_round_altar, uniq_natasha
D:3:      tgw_sif, lemuel_doored_altar, first_ration
D:5:      lemuel_round_altar, minmay_shop_grid_forest
D:6:      cheibrodos_fertilizer, xom_butterflies, lemuel_crystal_altar

Table legend:
 A = Turns spent in this place as a percentage of turns spent in the entire game.
 B = Non-inter-level travel turns spent in this place as a percentage of non-inter-level travel turns spent in the entire game.
 C = Inter-level travel turns spent in this place as a percentage of turns spent in this place.
 D = Turns resting spent in this place as a percentage of non-inter-level travel turns spent in this place.
 E = Turns spent auto-exploring this place as a percentage of non-inter-level travel turns spent in this place.
 F = Non-inter-level travel turns spent in this place divided by the number of levels of this place that you've seen.
                   A       B       C       D       E      F
               +-------+-------+-------+-------+-------+----------------------
         Total | 100.0 | 100.0 |   6.3 |  24.9 |  62.3 | 931.2
       Dungeon | 100.0 | 100.0 |   6.3 |  24.9 |  62.3 | 931.2
               +-------+-------+-------+-------+-------+----------------------

Table legend:
 A = Kills in this place as a percentage of kills in entire the game.
 B = Kills by you in this place as a percentage of kills by you in the entire game.
 C = Kills by friends in this place as a percentage of kills by friends in the entire game.
 D = Other kills in this place as a percentage of other kills in the entire game.
 E = Experience gained in this place as a percentage of experience gained in the entire game.
 F = Experience gained in this place divided by the number of levels of this place that you have seen.
                   A       B       C       D       E      F
               +-------+-------+-------+-------+-------+----------------------
         Total | 100.0 | 100.0 |   N/A |   N/A | 100.0 | 192.5
       Dungeon | 100.0 | 100.0 |   N/A |   N/A | 100.0 | 192.5
               +-------+-------+-------+-------+-------+----------------------
